 Dungeon Crawl Stone Soup version 0.29-a0-834-g1e95ca9f62 (webtiles) character file.

Game seed: 5330134876857528752

100 kevlar127 the Ruffian (level 4, -5/45 HPs)
             Began as a Troll Berserker on July 12, 2022.
             Was a Believer of Trog.
             Slain by an orc priest
             ... wielding a +1 flail of protection
              (6 damage)
             ... on level 3 of the Dungeon.
             The game lasted 00:03:35 (1602 turns).

kevlar127 the Ruffian (Troll Berserker)             Turns: 1602, Time: 00:03:36

Health: -5/45      AC:  4    Str: 27    XL:     4   Next: 47%
Magic:  3/3        EV: 10    Int:  3    God:    Trog [**....]
Gold:   154        SH:  0    Dex:  9    Spells: 3/3 levels left

rFire   + . .      SeeInvis .     - Unarmed
rCold   . . .      Faith    .   (no shield)
rNeg    . . .      Spirit   .   a - +0 animal skin
rPois   .          Reflect  .   (helmet restricted)
rElec   .          Harm     .   (no cloak)
rCorr   .          Rampage  .   (gloves unavailable)
Will    .....                   (boots unavailable)
Stlth   +.........              (no amulet)
HPRegen 0.95/turn               g - ring of flight
MPRegen 0.08/turn               l - ring of protection from fire

@: flying
A: large, unfitting armour, claws 3, regeneration 1, shaggy fur 1, tough skin 1
a: Renounce Religion, Berserk, Trog's Hand


You were on level 3 of the Dungeon.
You worshipped Trog.
Trog was pleased with you.
You visited 1 branch of the dungeon, and saw 3 of its levels.

You collected 154 gold pieces.

Inventory:

Missiles
 b - 48 stones (quivered)
 j - 2 poisoned darts
Armour
 a - a +0 animal skin (worn)
 e - a +0 tower shield
Jewellery
 g - a ring of flight (left claw)
 h - a ring of see invisible
 l - a ring of protection from fire (right claw)
Scrolls
 i - a scroll of magic mapping {unknown}
 o - a scroll of identify {unknown}
 p - a scroll of fog {unknown}
Potions
 c - a potion of attraction {unknown}
 d - a potion of mutation {unknown}
 f - a potion of flight {unknown}
 k - a potion of lignification {unknown}
 m - a potion of ambrosia {unknown}
 n - 2 potions of brilliance {unknown}


   Skills:
 + Level 3.5 Fighting
 - Level 2.4 Dodging
 + Level 4.2 Unarmed Combat


You had 3 spell levels left.
You didn't know any spells.
Your spell library was empty.

Dungeon Overview and Level Annotations

Branches:
Dungeon (3/15)

Altars:


Innate Abilities, Weirdness & Mutations

You are too large for most types of armour.
You have claws for hands.
Your natural rate of healing is unusually fast.
You are covered in fur. (AC +1)
You have tough skin. (AC +1)


Message History

You claw the adder!
You kill the adder!
Trog accepts your kill.
The orc priest mumbles some strange prayers to Beogh against you.
Beogh smites you!
* * * LOW HITPOINT WARNING * * *
You hear a shout!
An orc priest is nearby!
An orc priest is nearby!
An orc priest is nearby!
An orc priest is nearby!
An orc priest is nearby!
An orc priest is nearby!
An orc comes into view. It is wielding a +0 hand axe.
You start resting.
An orc priest is nearby!
An orc priest is nearby!
An orc priest is nearby!
An orc priest is nearby!
An orc priest is nearby!
Okay, then.
The orc priest invokes the aid of Beogh against you.
Pain shoots through your body!
* * * LOW HITPOINT WARNING * * *
You claw the orc priest!
The orc priest is heavily wounded.
The orc priest mumbles some strange prayers to Beogh against you.
Beogh smites you!
* * * LOW HITPOINT WARNING * * *
You barely miss the orc priest.
The orc priest is heavily wounded.
An orc comes into view.
It is wielding a +0 short sword and quivering boomerangs of dispersal.
The orc priest hits you with a +1 flail of protection.
* * * LOW HITPOINT WARNING * * *
You barely miss the orc priest.
The orc priest is heavily wounded.
The orc shouts!
The orc closely misses you.
The orc priest hits you with a +1 flail of protection.
You die...

......#...#........#
..................##
......#...........#
..o............>.#
...............#
###............#
#..†..#..##....#
.....###oo.....####
.... ##@..#### .
#....# #...#......
##..........
...........
##..........
........###
..######## #.


You could see an orc priest and 2 orcs.

Vanquished Creatures
  5 adders
  A worm (D:2)
  4 ball pythons
  6 bats
  6 endoplasms
  5 giant cockroaches
  4 hobgoblins
  A quokka (D:2)
  4 frilled lizards
  5 goblins
  4 kobolds (D:1)
  5 rats
50 creatures vanquished.

Notes
Turn   | Place    | Note
-------+----------+-------------------------------------------
     0 | D:1      | kevlar127 the Troll Berserker began the quest for the Orb.
     0 | D:1      | Reached XP level 1. HP: 22/22 MP: 0/0
   154 | D:1      | Reached XP level 2. HP: 29/29 MP: 1/1
  1115 | D:2      | Reached XP level 3. HP: 37/37 MP: 2/2
  1147 | D:2      | Reached ** piety under Trog
  1283 | D:2      | Reached skill level 4 in Unarmed Combat
  1295 | D:2      | Reached XP level 4. HP: 43/45 MP: 3/3
  1600 | D:3      | HP: 2/45 [orc priest/divine providence (9)]
  1602 | D:3      | Slain by an orc priest

Illustrated notes

Levels and vault maps discovered:
D:1:      shiori_arrival_maze, layout_basic
D:2:      layout_rooms, minmay_surrounded
D:3:      minmay_chambers_of_threes, layout_rooms, mainiacjoe_overflow_24_doors,
          corexii_hall_statues_s

Skill      XL: |  1  2  3 |
---------------+----------+-----
Fighting       | 3 |  3.5
Unarmed Combat | 4 |  4.2
Dodging        | |  2.4

Action                   |  1- 3 |  4- 6 || total
-------------------------+-------+-------++-------
Melee: Unarmed           |    77 |    36 ||   113
       Punch             |     3 |       ||     3
Invok: Berserk           |     1 |       ||     1
Armor: Animal skin       |    33 |    13 ||    46
Dodge: Dodged            |    35 |    15 ||    50

Table legend: (Time is in decaauts)
 A = Elapsed time spent in this place.
 B = Non-inter-level travel time spent in this place.
 C = Inter-level travel time spent in this place.
 D = Time resting spent in this place.
 E = Time spent auto-exploring this place.
 F = Levels seen in this place.
 G = Mean time per level.
                   A        B        C        D        E       F      G
               +--------+--------+--------+--------+--------+-----+--------+
         Total |   1601 |   1466 |    135 |     41 |   1154 |   3 |  533.7 |
       Dungeon |   1601 |   1466 |    135 |     41 |   1154 |   3 |  533.7 |
               +--------+--------+--------+--------+--------+-----+--------+

Top non-repeatable levels by time:
     D:1: 1092 daAuts
     D:2: 442 daAuts
     D:3: 66 daAuts
